Map: [ESL] Cosmic Sapphire

Players

Rattata - Winner!

  • Race: Zerg Zerg
  • Spawn Location: 11:00

YoungYakov

  • Race: Zerg Zerg
  • Spawn Location: 5:00

Event: DreamHack SC2 Masters 2022 Atlanta (Online)

VOD

Have the link to the VOD?

Description

Time

  • Played on: Oct. 6, 2022, 12:41 p.m.
  • Length: 23:24

All games in this series

Show
View Real Time Build Order
Export as new Build Order

Rattata Zerg - Winner!

Build Orders: Hatch First, Lurkers 

Get SALT Encoding   

  12  0:00  Drone  
  13  0:12  Overlord  
  13  0:17  Drone  
  14  0:30  Drone x2  
  16  0:47  Hatchery  
  15  0:50  Drone  
  15  0:55  Drone  
  17  0:58  Drone  
  18  1:09  Extractor  
  17  1:13  Spawning Pool  
  17  1:16  Drone  
  17  1:19  Drone  
  18  1:28  Drone  
  19  1:39  Drone  
  20  1:49  Drone  
  21  1:59  Queen  
  21  2:00  Zergling x2, Queen  
  26  2:01  Overlord  
  26  2:11  Drone x2  
  26  2:12  Metabolic Boost  
  28  2:22  Zergling x2  
  29  2:23  Drone  
  30  2:32  Hatchery  
  30  2:35  Drone  
  30  2:38  Drone  
  30  2:43  Baneling Nest  
  30  2:45  Drone  
  30  2:48  Drone  
  32  2:54  Overlord  
  32  2:57  Zergling x2  
  33  3:02  Queen  
  33  3:05  Drone  
  37  3:12  Drone  
  37  3:14  Zergling x2  
  37  3:15  Drone x2  
  37  3:17  Overlord  
  40  3:23  Drone  
  40  3:24  Drone  
  42  3:27  Baneling  
  42  3:28  Evolution Chamber  
  42  3:30  Drone x2  
  43  3:34  Drone  
  43  3:37  Zergling x2  
  43  3:39  Drone x2  
  46  3:41  Drone  
  46  3:43  Drone  
  46  3:45  Drone  
  49  3:52  Overlord  
  49  3:54  Drone x2  
  51  3:57  Zerg Ground Armor Level 1  
  51  3:59  Drone  
  51  4:01  Zergling x2  
  53  4:04  Overlord  
  53  4:06  Drone  
  53  4:08  Drone  
  55  4:14  Roach Warren  
  54  4:17  Extractor  
  54  4:18  Drone, Extractor  
  54  4:19  Drone  
  54  4:21  Drone x3  
  54  4:24  Drone  
  58  4:29  Overlord  
  58  4:30  Zergling x6  
  58  4:31  Zergling x2  
  62  4:42  Overlord  
  62  4:44  Baneling x2  
  62  4:47  Zergling x6  
  62  4:48  Zergling x2  
  62  4:50  Overlord  
  66  4:54  Overlord  
  66  4:55  Roach x4  
  74  5:00  Overlord  
  74  5:03  Roach x3  
  79  5:09  Overlord  
  79  5:11  Roach x2  
  82  5:19  Drone  
  82  5:20  Lair  
  82  5:21  Drone x4  
  85  5:25  Overlord  
  85  5:26  Drone x2  
  82  5:28  Drone x2  
  82  5:35  Roach x3  
  86  5:44  Spine Crawler  
  86  5:46  Roach x4  
  93  5:52  Drone x5  
  93  5:54  Zerg Missile Weapons Level 1, Extractor  
  93  5:56  Extractor  
  97  5:58  Extractor  
  97  6:01  Roach x3  
  97  6:02  Roach  
  104  6:05  Overlord  
  104  6:08  Drone  
  104  6:10  Drone  
  104  6:11  Drone  
  105  6:18  Glial Reconstitution, Drone x2  
  107  6:23  Drone x5  
  107  6:24  Overseer  
  112  6:26  Drone  
  113  6:33  Overlord  
  113  6:39  Hatchery  
  112  6:43  Drone  
  112  6:44  Hydralisk Den  
  112  6:45  Drone  
  112  6:46  Drone  
  115  6:47  Drone  
  115  6:48  Queen  
  115  6:49  Queen  
  115  6:52  Queen  
  115  6:53  Infestation Pit  
  121  6:55  Spore Crawler  
  121  6:57  Spore Crawler, Drone  
  121  7:00  Spore Crawler  
  119  7:01  Drone  
  119  7:04  Spore Crawler  
  119  7:07  Drone  
  120  7:12  Overlord  
  120  7:13  Spore Crawler, Roach  
  121  7:16  Overlord x2  
  121  7:20  Overlord x2  
  121  7:24  Spore Crawler  
  120  7:30  Queen, Overlord  
  120  7:34  Queen x2  
  120  7:35  Infestor x2  
  120  7:37  Tunneling Claws  
  130  7:39  Infestor  
  132  7:49  Zerg Missile Weapons Level 2  
  132  7:58  Drone  
  129  8:00  Hydralisk Den  
  129  8:01  Roach x6  
  140  8:06  Burrow  
  140  8:09  Queen x2, Overlord  
  140  8:12  Overlord  
  144  8:16  Roach x5  
  152  8:23  Overlord  
  152  8:26  Drone x4  
  153  8:30  Drone  
  153  8:31  Drone  
  154  8:41  Lurker Den  
  147  8:45  Queen  
  149  8:53  Infestor x2  
  146  9:06  Hive  
  146  9:07  Drone x2  
  142  9:15  Overlord  
  142  9:16  Hydralisk  
  142  9:17  Spore Crawler, Grooved Spines, Hydralisk x5  
  151  9:30  Spore Crawler  
  150  9:33  Drone  
  150  9:36  Spore Crawler, Hydralisk x2  
  150  9:37  Roach  
  150  9:38  Roach x3  
  154  9:39  Roach  
  154  9:41  Overlord  
  154  9:49  Hatchery  
  154  9:51  Roach x2  
  151  9:53  Hydralisk  
  151  9:54  Hydralisk x4  
  151  10:02  Roach  
  151  10:04  Hydralisk x5  
  151  10:07  Roach  
  161  10:12  Drone  
  158  10:15  Lurker x3  
  158  10:16  Lurker  
  158  10:19  Lurker  
  158  10:20  Lurker  
  162  10:26  Hatchery  
  162  10:28  Spore Crawler, Drone x2  
  159  10:30  Spore Crawler  
  159  10:32  Drone  
  154  10:41  Roach x3  
  154  10:42  Roach  
  152  10:47  Muscular Augments  
  152  10:48  Viper x2  
  154  10:50  Spore Crawler  
  154  10:51  Spore Crawler  
  154  10:56  Seismic Spines  
  152  11:00  Lurker Den  
  152  11:03  Roach x2, Overlord  
  152  11:04  Roach  
  151  11:05  Roach, Overlord  
  151  11:07  Hydralisk x2  
  151  11:08  Roach x2  
  154  11:14  Hydralisk x2  
  151  11:31  Drone x2, Hatchery  
  151  11:32  Drone  
  149  11:33  Roach  
  149  11:34  Roach x2  
  149  11:37  Zerg Ground Armor Level 2  
  149  11:40  Extractor  
  149  11:41  Roach x2  
  149  11:43  Extractor  
  149  11:46  Roach x2  
  147  11:52  Spore Crawler  
  147  11:54  Spore Crawler, Hydralisk x3  
  145  11:55  Spore Crawler  
  145  11:57  Roach  
  145  11:58  Roach x2  
  146  12:05  Roach  
  146  12:07  Lurker  
  146  12:08  Lurker  
  148  12:14  Hydralisk x2, Roach  
  148  12:17  Drone x4  
  148  12:18  Drone x2  
  154  12:27  Overlord  
  154  12:29  Roach  
  139  12:34  Drone  
  139  12:35  Hydralisk x4  
  139  12:36  Extractor  
  142  12:41  Spore Crawler  
  142  12:42  Spore Crawler  
  138  12:53  Drone x5  
  138  12:56  Lurker x2  
  145  12:59  Adaptive Talons  
  145  13:03  Spore Crawler, Drone  
  142  13:09  Drone x3  
  142  13:10  Viper  
  142  13:11  Roach  
  142  13:12  Roach x2  
  143  13:23  Lurker x2  
  143  13:25  Roach x4  
  153  13:28  Spore Crawler  
  153  13:31  Spore Crawler  
  153  13:32  Spore Crawler  
  137  13:36  Hydralisk x5  
  141  13:44  Hydralisk x3  
  135  13:50  Hydralisk x2  
  133  13:58  Drone x3  
  136  14:06  Roach  
  136  14:08  Spore Crawler  
  136  14:09  Lurker x4  
  139  14:13  Queen  
  139  14:15  Spore Crawler  
  139  14:16  Spore Crawler  
  139  14:17  Spore Crawler  
  139  14:23  Hydralisk x4  
  146  14:28  Roach  
  146  14:29  Roach x2  
  146  14:30  Roach  
  146  14:31  Hydralisk x3  
  139  14:34  Drone x2  
  147  14:38  Drone  
  147  14:40  Spore Crawler, Drone  
  147  14:42  Viper  
  148  14:53  Viper  
  151  15:00  Hydralisk x4  
  159  15:14  Hydralisk x5, Roach  
  162  15:26  Drone x2  
  162  15:27  Drone x2, Roach x2  
  162  15:28  Extractor  
  162  15:29  Viper x2  
  162  15:31  Roach  
  167  15:36  Overlord  
  167  15:39  Zerg Ground Armor Level 3, Roach  
  167  15:44  Queen  
  167  15:46  Overlord  
  167  15:57  Drone x2  
  165  16:03  Hydralisk x6  
  175  16:11  Lurker x3  
  178  16:12  Lurker  
  179  16:34  Drone x4  
  179  16:37  Spore Crawler  
  179  16:39  Spore Crawler  
  181  16:41  Spore Crawler x2  
  181  16:42  Spore Crawler  
  178  16:50  Spore Crawler x2  
  178  16:51  Spore Crawler  
  172  16:57  Drone  
  172  16:58  Drone  
  172  16:59  Evolution Chamber  
  172  17:00  Evolution Chamber  
  169  17:12  Hatchery  
  168  17:18  Hatchery  
  167  17:30  Viper x2  
  167  17:31  Hydralisk x5  
  183  17:53  Drone  
  181  18:00  Lurker x3  
  184  18:07  Hydralisk x6  
  196  18:14  Drone x2  
  196  18:16  Extractor  
  196  18:17  Lurker x2, Zerg Missile Weapons Level 3  
  173  18:46  Hydralisk x6  
  183  19:07  Spore Crawler  
  179  19:10  Hydralisk x3  
  185  19:23  Hydralisk x3  
  180  19:39  Hydralisk x3  
  180  19:41  Lurker  
  182  20:07  Hydralisk  
  182  20:10  Hatchery  
  180  20:19  Drone x3  
  125  20:46  Hydralisk x4  
  133  21:02  Drone x3  
  133  21:03  Drone x3  
  139  21:12  Extractor  
  139  21:13  Drone x2, Extractor  
  139  21:14  Drone  
  139  21:16  Drone x2  
  142  21:25  Drone x2  
  144  21:38  Drone x7  
  151  21:45  Lurker x2  
  153  21:52  Hydralisk x2  
  154  22:06  Hydralisk x2  
  154  22:08  Spore Crawler, Lurker  
  155  22:23  Hydralisk x5  
  165  22:33  Roach  
  165  22:37  Hydralisk x4  
  167  22:53  Hydralisk x4  
  167  22:58  Lurker x2  
Show
View Real Time Build Order
Export as new Build Order

YoungYakov Zerg 

Build Orders: Hatch First 

Get SALT Encoding   

  12  0:00  Drone  
  13  0:12  Overlord  
  13  0:16  Drone  
  14  0:31  Drone x2  
  16  0:47  Hatchery  
  15  0:50  Drone  
  15  0:54  Drone  
  17  0:57  Drone  
  18  1:07  Extractor  
  17  1:12  Spawning Pool  
  17  1:15  Drone  
  17  1:19  Drone  
  18  1:28  Drone  
  19  1:39  Drone  
  20  1:49  Drone  
  21  2:00  Queen x2, Overlord  
  26  2:01  Zergling x2  
  26  2:11  Drone x2  
  26  2:12  Metabolic Boost  
  28  2:21  Drone  
  28  2:22  Drone  
  30  2:33  Hatchery  
  30  2:37  Zergling x2  
  30  2:40  Drone  
  30  2:44  Drone x2  
  33  2:49  Baneling Nest  
  32  2:53  Overlord  
  32  2:59  Drone  
  33  3:09  Zergling x2, Drone x2  
  33  3:10  Overlord  
  33  3:12  Zergling x4  
  38  3:16  Queen  
  38  3:19  Drone  
  41  3:24  Drone x2  
  41  3:26  Drone  
  44  3:31  Drone  
  44  3:32  Evolution Chamber  
  44  3:33  Baneling x2  
  43  3:37  Drone  
  45  3:41  Drone x3  
  45  3:46  Drone x2  
  45  3:47  Drone  
  50  3:55  Overlord  
  50  3:56  Lair  
  50  4:00  Extractor  
  50  4:01  Drone x2  
  50  4:02  Drone  
  52  4:03  Extractor  
  52  4:05  Drone x2  
  53  4:13  Roach Warren  
  53  4:15  Drone x3  
  55  4:20  Drone x3  
  57  4:24  Zergling x4  
  57  4:25  Zergling x2  
  57  4:27  Zerg Melee Weapons Level 1  
  57  4:31  Extractor, Overlord  
  60  4:35  Overlord  
  60  4:38  Zergling x4  
  61  4:45  Drone x3  
  64  4:47  Zergling x4  
  64  4:52  Zergling x10  
  70  4:58  Spire  
  69  5:02  Baneling  
  69  5:05  Zergling x10  
  69  5:12  Baneling x2  
  68  5:15  Zergling x4  
  68  5:19  Zergling x8  
  71  5:25  Zergling x2  
  71  5:26  Zergling x2  
  62  5:32  Drone x4  
  62  5:34  Queen  
  66  5:36  Drone x4  
  66  5:38  Drone  
  66  5:41  Drone  
  72  5:45  Baneling x2  
  72  5:54  Extractor  
  71  6:02  Drone x3  
  74  6:09  Overlord  
  72  6:12  Mutalisk, Overlord x2  
  72  6:13  Mutalisk x4, Extractor  
  72  6:17  Overlord  
  81  6:20  Zerg Flyer Weapons Level 1  
  81  6:28  Mutalisk x2  
  81  6:30  Drone x3  
  88  6:35  Drone x2  
  88  6:36  Drone  
  88  6:38  Drone  
  92  6:43  Hatchery  
  92  6:44  Drone x5  
  96  6:47  Mutalisk  
  98  6:55  Mutalisk x2  
  98  6:58  Overlord x2  
  102  7:04  Mutalisk x2  
  102  7:06  Drone  
  107  7:09  Overlord  
  107  7:16  Mutalisk x2  
  107  7:19  Drone x5  
  116  7:23  Overlord  
  116  7:25  Zergling x6  
  119  7:34  Drone x2  
  121  7:41  Mutalisk x4  
  129  7:53  Drone x4  
  132  7:58  Drone x7  
  132  7:59  Overlord  
  132  8:02  Zerg Melee Weapons Level 2  
  138  8:09  Mutalisk x3  
  144  8:19  Mutalisk  
  142  8:21  Drone x5  
  142  8:22  Extractor  
  142  8:24  Extractor  
  144  8:29  Baneling x5  
  144  8:33  Zergling x20  
  143  8:37  Drone  
  143  8:40  Drone  
  142  8:42  Hatchery  
  142  8:45  Zergling x6  
  143  8:50  Zergling x2  
  143  8:54  Mutalisk x2  
  144  8:57  Overlord  
  141  9:03  Zergling x6  
  141  9:06  Overseer  
  141  9:07  Overseer  
  141  9:08  Zerg Flyer Weapons Level 2  
  144  9:10  Spore Crawler x2  
  144  9:11  Zergling x6  
  144  9:13  Mutalisk, Spine Crawler  
  146  9:19  Zergling x2  
  146  9:20  Zergling x2  
  146  9:24  Mutalisk x4  
  148  9:28  Overlord  
  148  9:29  Queen  
  158  9:31  Overseer  
  158  9:33  Zergling x2  
  158  9:34  Zergling x2, Overseer  
  158  9:35  Pneumatized Carapace  
  158  9:38  Extractor x2  
  159  9:43  Zergling x8  
  158  9:59  Zergling x8  
  160  10:00  Zergling x18  
  156  10:08  Mutalisk  
  156  10:11  Overlord x7  
  155  10:23  Mutalisk x2  
  157  10:32  Mutalisk x10  
  157  10:34  Zergling x4  
  179  10:43  Baneling x16  
  179  10:45  Zergling x4  
  179  10:46  Zergling x16  
  189  10:50  Baneling x5  
  189  10:51  Baneling x3  
  189  10:52  Zergling x4  
  186  11:09  Centrifugal Hooks  
  174  11:14  Zergling x20  
  174  11:17  Mutalisk  
  161  11:20  Queen  
  161  11:22  Drone x4  
  166  11:27  Drone  
  166  11:30  Drone x4  
  166  11:31  Queen  
  172  11:37  Overseer  
  172  11:39  Mutalisk x4  
  170  11:43  Queen, Drone x4  
  170  11:46  Zerg Flyer Armor Level 1  
  175  11:58  Zergling x10  
  176  12:12  Drone x3  
  176  12:13  Drone x3  
  176  12:14  Mutalisk x6  
  184  12:24  Drone x5  
  183  12:35  Zergling x10  
  176  12:40  Drone x2  
  176  12:41  Drone  
  176  12:42  Queen x2  
  181  12:46  Baneling x19  
  181  12:55  Spine Crawler  
  175  13:09  Mutalisk x3  
  175  13:11  Zergling x24  
  185  13:33  Mutalisk x10  
  179  13:35  Zergling x6  
  148  13:48  Mutalisk x7  
  148  13:49  Mutalisk  
  148  13:54  Zergling x4  
  153  13:58  Drone  
  153  13:59  Mutalisk x3  
  157  14:06  Overseer  
  156  14:13  Drone x5  
  161  14:17  Zerg Flyer Armor Level 2  
  161  14:20  Drone x4  
  155  14:34  Zergling x2  
  155  14:35  Zergling x20  
  155  14:37  Mutalisk x3  
  156  14:41  Drone x4  
  156  14:44  Overseer  
  157  14:46  Baneling  
  157  14:47  Baneling x5  
  157  14:48  Zergling x2  
  156  15:00  Baneling x7  
  156  15:01  Baneling  
  156  15:03  Baneling x6  
  153  15:18  Zergling x20  
  148  15:26  Mutalisk x8  
  158  15:30  Zergling x10  
  158  15:33  Infestation Pit  
  162  15:40  Mutalisk x5  
  167  15:53  Zergling x18  
  176  16:07  Overseer x2  
  176  16:08  Hatchery  
  175  16:13  Zergling x14  
  175  16:14  Baneling x8  
  175  16:15  Baneling x7, Overlord  
  182  16:20  Overlord  
  182  16:23  Overlord  
  182  16:27  Hatchery  
  179  16:33  Zergling x6  
  179  16:37  Overlord  
  179  16:38  Zergling x16  
  190  16:40  Drone x6  
  190  16:44  Hive  
  196  16:52  Baneling x11, Overlord  
  189  17:01  Zergling x24  
  189  17:06  Hydralisk Den  
  190  17:12  Evolution Chamber  
  191  17:17  Zerg Ground Armor Level 1  
  191  17:18  Zergling x14  
  191  17:19  Zergling x4  
  196  17:41  Baneling x23  
  196  17:42  Drone x6  
  193  17:47  Mutalisk  
  193  17:48  Mutalisk x2  
  197  18:11  Zerg Flyer Weapons Level 3  
  197  18:16  Baneling x16, Ultralisk Cavern  
  196  18:22  Zergling x8  
  188  18:40  Zergling x40  
  178  18:44  Mutalisk x3  
  168  18:49  Extractor  
  168  18:50  Extractor  
  168  18:51  Baneling x3  
  168  18:52  Baneling x6  
  168  18:53  Zergling x10  
  170  18:56  Mutalisk  
  170  19:01  Mutalisk  
  170  19:02  Mutalisk x3  
  172  19:05  Baneling x4  
  162  19:12  Overseer x3  
  162  19:16  Zergling x16  
  160  19:20  Baneling x5  
  160  19:22  Mutalisk x2  
  160  19:23  Mutalisk  
  138  19:38  Mutalisk x6  
  147  19:52  Zergling x2  
  147  19:53  Zergling x14  
  147  19:54  Unknown  
  135  20:07  Mutalisk x2  
  128  20:17  Zergling x16  
  119  20:31  Zergling x8  
  109  20:37  Mutalisk  
  93  20:43  Zergling x4  
  93  20:45  Ultralisk x2  
  93  20:47  Zergling x4  
  109  20:53  Zergling x4  
  111  20:58  Zergling x2  
  111  20:59  Zergling x2  
  113  21:05  Ultralisk  
  113  21:07  Ultralisk  
  113  21:08  Zergling x2  
  113  21:09  Zergling x2  
  127  21:15  Zergling x4  
  127  21:16  Hatchery  
  124  21:18  Hatchery  
  124  21:21  Baneling x7  
  124  21:22  Drone x2  
  124  21:23  Drone x4  
  124  21:24  Hatchery  
  128  21:30  Overseer  
  119  21:34  Zergling x12  
  124  21:43  Drone  
  124  21:44  Zergling x4  
  127  21:52  Baneling x3  
  127  21:53  Baneling x5  
  127  21:54  Drone x3  
  130  22:03  Drone x6  
  130  22:08  Burrow  
  136  22:09  Overlord x2  
  136  22:12  Overlord  
  136  22:20  Spore Crawler  
  135  22:24  Drone  
  135  22:25  Overlord  
  136  22:34  Overseer  
  130  22:38  Drone x8  
  117  22:52  Zergling x10  
  117  22:53  Zergling x2  
Tags
 
Add a new tag
Caveats
  • Supply blocks, unpowered buildings, or Contaminate may cause inaccurate times.
  • Supply counts are checked every 10 seconds.